 Dungeon Crawl Stone Soup version bcrawl-1.19.2-6-g6a88ae04c9 (webtiles) character file.

Game seed: 1418009981098092332

43858 Mrkan the Fighter (level 13, -7/119 HPs)
             Began as a Minotaur Fighter on Jan 7, 2020.
             Was the Champion of Ashenzari.
             Mangled by a death yak (18 damage)
             ... on level 6 of the Lair of Beasts.
             The game lasted 00:26:06 (17403 turns).

Mrkan the Fighter (Minotaur Fighter)               Turns: 17403, Time: 00:26:07

Health: -7/119     AC: 21    Str: 21    XL:     13   Next: 93%
Magic:  12/12      EV: 12    Int:  5    God:    Ashenzari [******]
Gold:   1497       SH: 14    Dex: 15    Spells: 12/12 levels left

rFire    . . .     SeeInvis +   b - +6 demon trident (elec) (curse)
rCold    . . .     Gourm    .   c - +0 shield (curse)
rNeg     . . .     Faith    .   N - +0 plate armour (curse)
rPois    +         Spirit   .   C - +2 hat (curse)
rElec    .         Reflect  .   h - +0 cloak (curse)
rCorr    .         Harm     .   (no gloves)
MR       .....     Clarity  +   (no boots)
Stlth    ..........             (no amulet)
HPRegen  0.29/turn              L - ring of poison resistance
MPRegen  0.13/turn              (no ring)

@: frozen, starving, very slow
A: retaliatory headbutt, horns 2
a: Curse Item, Scrying, Transfer Knowledge, Renounce Religion


You were on level 6 of the Lair of Beasts.
You worshipped Ashenzari.
Ashenzari was exalted by your worship.
You were starving.

You visited 2 branches of the dungeon, and saw 16 of its levels.

You collected 1745 gold pieces.
You spent 248 gold pieces at shops.

Inventory:

Hand Weapons
 b - a cursed +6 demon trident of electrocution (weapon)
 K - a +2 morningstar of holy wrath
Missiles
 m - a throwing net (quivered) {!f}
Armour
 c - a cursed +0 shield (worn)
 h - a cursed +0 cloak (worn)
 C - a cursed +2 hat (worn)
 N - a cursed +0 plate armour (worn)
Jewellery
 r - an uncursed ring of flight
 z - an uncursed ring of ice
 L - a ring of poison resistance (left hand)
Wands
 a - a wand of scattershot (5)
 q - a wand of flame (24)
 x - a wand of polymorph (12)
 A - a wand of acid (17)
 D - a wand of digging (12)
 E - a wand of iceblast (12)
 G - a wand of enslavement (11)
 J - a wand of clouds (7)
Scrolls
 e - 17 scrolls of identify
 i - 2 scrolls of immolation
 j - 3 scrolls of remove curse
 k - 4 scrolls of magic mapping
 l - 5 scrolls of fear
 o - 3 scrolls of fog
 u - 3 scrolls of amnesia
 w - 5 scrolls of teleportation
 y - 2 scrolls of blinking
Potions
 d - 3 potions of might
 g - 5 potions of curing
 n - a potion of brilliance {unknown}
 p - 6 potions of lignification
 s - 2 potions of cancellation
 v - 4 potions of mutation
 B - a potion of magic {unknown}
 F - a potion of resistance {unknown}
 H - a potion of invisibility {unknown}
 I - a potion of haste {unknown}
Comestibles
 f - 33 rations {!d}


   Skills:
 + Level 12.9 Fighting
   Level 12.2(14.2) Axes
 - Level 4.6(9.3) Maces & Flails
 * Level 11.4(17.1) Polearms
 - Level 1.1 Throwing
 + Level 12.8(16.9) Armour
 + Level 8.1 Dodging
 + Level 12.7(15.4) Shields


You had 12 spell levels left.
You didn't know any spells.
Your spell library contained the following spells:

 Spells                   Type           Power        Failure   Level  Hunger
 Corona                   Hex            #......      99%         1    ##.....
 Sting                    Conj/Pois      #...         99%         1    ##.....
 Summon Small Mammal      Summ           #...         99%         1    ##.....
 Call Imp                 Summ           #.....       100%        2    ###....
 Ensorcelled Hibernation  Hex/Ice        #.....       100%        2    ###....
 Poisonous Vapours        Pois/Air       #.....       100%        2    ###....
 Call Canine Familiar     Summ           #.......     100%        3    ####...
 Confuse                  Hex            #.......     100%        3    ####...
 Dazzling Spray           Conj/Hex       #.....       100%        3    ####...
 Ignite Poison            Fire/Tmut/Pois #.......     100%        3    ####...
 Tukima's Dance           Hex            #.......     100%        3    ####...
 Olgreb's Toxic Radiance  Pois           #.......     100%        4    #####..
 Summon Ice Beast         Ice/Summ       #.......     100%        4    #####..
 Summon Scorpions         Summ/Pois      #.......     100%        4    #####..
 Summon Lightning Spire   Summ/Air       #.......     100%        5    ######.
 Venom Bolt               Conj/Pois      #.........   100%        5    ######.


Dungeon Overview and Level Annotations

Branches:
Dungeon (10/12)            Temple (0/1) D:6            Lair (6/6) D:7
  Swamp (0/3) Lair:4       Spider (0/3) Lair:4        Slime (0/5) Lair:6
    Orc (0/1) D:8

Altars:
Ashenzari
Cheibriados
Dithmenos
Hepliaklqana
Ru
Sif Muna
Trog
Uskayaw
Yredelemnul
The Shining One
Beogh

Shops:
D:8 ((*}   D:9 !

Portals:
Trove: D:10 (give +6 demon trident)

Annotations:
D:3 2 runed translucent doors, JackS81's ghost, amateur MiAc


Innate Abilities, Weirdness & Mutations

You reflexively headbutt those who attack you in melee.
You have a pair of horns on your head.


Message History

The cane toad is almost dead.
You block the rime drake's attack. The cane toad hits you.
* * * LOW HITPOINT WARNING * * *
The blink frog blinks! x2; The death yak gores you!
* * * LOW HITPOINT WARNING * * *
The death yak gores you but does no damage.
The blink frog hits the plant but does no damage.
The rime drake breathes ice at you. The flash freeze hits you!
* * * LOW HITPOINT WARNING * * *
You are encased in ice.
Unknown command.
You feel better. You block the death yak's attack.
The blink frog blinks!
The crocodile bites the plant.
The rime drake bites you but does no damage.
You block the cane toad's attack.
The blink frog blinks!
The rime drake barely misses you. You furiously retaliate!
You headbutt the rime drake, but do no damage.
The death yak gores you!!
You die...

,, ...... #....# , , , ,
#.....##.... { {. ,,, , ,
*,, {Y#.... .#...##*,..,,
* ,* * F{
.....##.....##... , ,,,
*, , . #...#P......... *,
,, ,, ..##.....P..#F.P. ,
*,* ,,, , #...........##
, * , ,.#......FkFP#*,, ,
, <..t#..%.##@k.#* , , ,
, ,, , ,*#..k.†#YYYP#*,
*,* , , ,,
*#.....#§FSt##* , , , ,
,* , #.....##...PP# ,, ,
,,, , ** ,..#....
..F§..#*, ,,* ,* ,
.................,,,,,, *
, , ,..#..........F##. ,
,, , *
..##..........#,*#*,,,,,,
, ,, ,*#........... * **,
, ,


You could see 3 death yaks, a black mamba, a cane toad, 5 blink frogs, 2 rime
drakes and a crocodile.

Vanquished Creatures
  Gastronok (D:9)
  6 hydras
  A centaur warrior (D:10)
  2 two-headed ogres
  An ogre mage (D:10)
  Urug (Lair:4)
  7 death yaks (Lair:6)
  3 cyclopes (D:10)
  An orb spider (Lair:4)
  An ugly thing (D:8)
  Maurice (D:9)
  6 elephants (Lair:3)
  2 black mambas
  Joseph (D:8)
  5 cane toads
  A rime drake (Lair:1)
  A yaktaur (D:10)
  A freezing wraith (D:10)
  6 komodo dragons
  2 guardian mummies (D:10)
  A polar bear (Lair:4)
  A polar bear (shapeshifter) (D:10)
  A hornet (D:10)
  5 dream sheep (Lair:5)
  Prince Ribbit (D:7)
  A slime creature (Lair:3)
  A bog body (Lair:4)
  9 hippogriffs
  7 blink frogs
  Sigmund (D:6)
  3 basilisks
  21 yaks
  A human (D:9)
  3 hogs (D:9)
  5 hungry ghosts
  4 wargs (D:8)
  12 crocodiles
  12 porcupines
  An ice beast (D:9)
  5 water moccasins
  A hornet zombie (D:10)
  A black bear (D:7)
  3 orc warriors
  3 sky beasts
  An eye of draining (D:10)
  A phantom (D:3)
  5 ogres
  13 centaurs
  2 big kobolds
  11 bullfrogs
  3 scorpions
  15 killer bees
  A water moccasin skeleton (D:5)
  5 wights (D:9)
  4 crimson imps
  3 hounds
  A quasit (D:6)
  11 jellies
  7 orc priests
  3 centaur skeletons
  12 orc wizards
  3 iguanas
  11 worker ants
  2 hound skeletons
  A howler monkey zombie (D:8)
  2 worker ant zombies
  8 gnolls
  10 adders
  2 shadow imps
  16 oozes
  An adder skeleton (D:3)
  2 worms (D:2)
  2 dart slugs
  4 leopard geckos
  47 orcs
  4 giant cockroaches
  10 goblins
  8 hobgoblins
  14 kobolds
  2 quokkas
  A ball python (D:2)
  7 bats
  3 frilled lizards
  A leopard gecko skeleton (D:5)
  8 rats
  3 fungi
  3 plants (D:7)
426 creatures vanquished.

Vanquished Creatures (others)
  14 fungi
  14 plants
28 creatures vanquished.

Grand Total: 454 creatures vanquished

Notes
Turn   | Place    | Note
-------+----------+-------------------------------------------
     0 | D:1      | Mrkan the Minotaur Fighter began the quest for the Orb.
     0 | D:1      | Reached XP level 1. HP: 19/19 MP: 0/0
   139 | D:1      | Reached XP level 2. HP: 27/27 MP: 1/1
   509 | D:2      | Reached XP level 3. HP: 33/33 MP: 2/2
   648 | D:2      | Found a shattered altar of Ashenzari.
   668 | D:2      | Became a worshipper of Ashenzari the Shackled
   937 | D:2      | Found a hide-covered altar of Uskayaw.
  1191 | D:3      | Found a basalt altar of Yredelemnul.
  1191 | D:3      | Noticed a phantom
  1218 | D:3      | Killed a phantom
  1218 | D:3      | Reached XP level 4. HP: 26/41 MP: 3/3
  1218 | D:3      | Reached XP level 5. HP: 30/47 MP: 4/4
  1459 | D:3      | Reached skill level 5 in Axes
  1717 | D:3      | Found a large runed translucent door.
  1718 | D:3      | Found a large runed translucent door.
  2014 | D:3      | Reached XP level 6. HP: 45/55 MP: 5/5
  2101 | D:3      | Reached skill level 5 in Armour
  2253 | D:3      | Found a shimmering blue altar of Sif Muna.
  2328 | D:3      | Noticed JackS81's ghost (amateur MiAc)
  2465 | D:4      | Reached * piety under Ashenzari
  2474 | D:4      | Reached skill level 5 in Fighting
  2474 | D:4      | Reached skill level 5 in Shields
  3042 | D:5      | Entered Level 5 of the Dungeon
  3097 | D:5      | Noticed a sky beast
  3107 | D:5      | Killed a sky beast
  3203 | D:5      | Reached XP level 7. HP: 61/61 MP: 6/6
  3526 | D:5      | Reached ** piety under Ashenzari
  4183 | D:6      | Noticed a hungry ghost
  4193 | D:6      | Killed a hungry ghost
  4285 | D:6      | Noticed a hungry ghost
  4300 | D:6      | Killed a hungry ghost
  4300 | D:6      | Reached XP level 8. HP: 57/70 MP: 7/7
  4417 | D:6      | Found a snail-covered altar of Cheibriados.
  4624 | D:6      | Found a shadowy altar of Dithmenos.
  4624 | D:6      | Found a bloodstained altar of Trog.
  5094 | D:6      | Noticed Sigmund
  5103 | D:6      | Killed Sigmund
  5144 | D:6      | Found a staircase to the Ecumenical Temple.
  5322 | D:7      | Noticed Prince Ribbit
  5348 | D:7      | Noticed a hippogriff
  5358 | D:7      | Killed a hippogriff
  5358 | D:7      | Reached XP level 9. HP: 45/79 MP: 8/8
  5634 | D:7      | Found a staircase to the Lair.
  5639 | D:7      | Reached skill level 10 in Axes
  5887 | D:7      | Killed Prince Ribbit
  6444 | D:8      | Reached XP level 10. HP: 71/90 MP: 9/9
  6972 | D:8      | Found a staircase to the Orcish Mines.
  6974 | D:8      | Found Iceupliu's Gadget Boutique.
  7358 | D:8      | Found a glowing golden altar of the Shining One.
  7387 | D:8      | Reached *** piety under Ashenzari
  7390 | D:8      | Noticed Joseph
  7410 | D:8      | Killed Joseph
  7410 | D:8      | Reached skill level 1 in Throwing
  7563 | D:8      | Found Zitedei's Weapon Shop.
  7571 | D:8      | Bought a +1 morningstar of holy wrath for 170 gold pieces
  7588 | D:8      | Identified the +1 robe of Quantum Leap {Dex+5}
  7779 | D:8      | Found Fiugg's Weapon Boutique.
  7813 | D:8      | Found Ekaellol's General Store.
  7912 | D:8      | Noticed a cyan ugly thing
  7931 | D:8      | Killed a cyan ugly thing
  8574 | D:8      | Found a roughly hewn altar of Beogh.
  8660 | D:9      | Found Sayhug's Distillery.
  8686 | D:9      | Reached skill level 1 in Maces & Flails
  8686 | D:9      | Reached XP level 11. HP: 72/99 MP: 10/10
  8691 | D:9      | Reached skill level 10 in Fighting
  8691 | D:9      | Reached skill level 10 in Armour
  8691 | D:9      | Reached skill level 1 in Dodging
  8775 | D:9      | Bought a potion of curing for 39 gold pieces
  8775 | D:9      | Bought a potion of lignification for 39 gold pieces
  8791 | D:9      | Noticed Gastronok
  8809 | D:9      | Killed Gastronok
  8809 | D:9      | Reached skill level 10 in Shields
  8828 | D:9      | Identified a scroll of acquirement
  8937 | D:9      | Noticed Maurice
  9189 | D:9      | Reached skill level 1 in Polearms
  9636 | D:9      | Killed Maurice
  9666 | D:9      | Found a hazy altar of Hepliaklqana.
  9933 | D:10     | Entered Level 10 of the Dungeon
  9933 | D:10     | Noticed a cyclops
  9939 | D:10     | Killed a cyclops
 10181 | D:10     | Noticed a cyclops
 10190 | D:10     | Killed a cyclops
 10355 | D:10     | Noticed a two-headed ogre
 10357 | D:10     | Noticed an ogre mage
 10357 | D:10     | Noticed a two-headed ogre
 10401 | D:10     | Killed a two-headed ogre
 10401 | D:10     | Reached skill level 5 in Polearms
 10401 | D:10     | Reached XP level 12. HP: 31/110 MP: 11/11
 10672 | D:9      | Killed a two-headed ogre
 10760 | D:10     | Killed an ogre mage
 10974 | D:10     | Reached skill level 5 in Dodging
 10990 | D:10     | Noticed a centaur warrior
 11016 | D:10     | Killed a centaur warrior
 11617 | D:10     | Found a portal to a secret trove of treasure.
 11988 | Lair:1   | Entered Level 1 of the Lair of Beasts
 12558 | Lair:1   | Reached **** piety under Ashenzari
 12815 | Lair:1   | Found a sacrificial altar of Ru.
 13315 | Lair:2   | Identified the cursed +0 leather armour of Theory {rElec
                  | rC- rN+ Dex+2}
 13563 | Lair:2   | Reached ***** piety under Ashenzari
 14095 | Lair:3   | Reached XP level 13. HP: 109/118 MP: 12/12
 14329 | Lair:3   | Identified the cursed +0 ring mail of Omaogano {rF+++}
 15287 | Lair:4   | Found a staircase to the Swamp.
 15531 | Lair:4   | Reached skill level 10 in Polearms
 15806 | Lair:4   | Found a hole to the Spider Nest.
 15956 | Lair:4   | Noticed Urug
 15966 | Lair:4   | Killed Urug
 16763 | Lair:5   | Reached ****** piety under Ashenzari
 17315 | Lair:6   | Entered Level 6 of the Lair of Beasts
 17402 | Lair:6   | HP: 2/119 [rime drake/flash freeze (15)]
 17403 | Lair:6   | Mangled by a death yak

Skill      XL: |  1  2  3  4  5  6  7  8  9 10 11 12 13 |
---------------+----------------------------------------+-----
Axes           | 3 4 5 6 7 9 11 12 | 12.2
Fighting       | 4 5 6 7 8 9 11 12 | 12.9
Shields        | 4 5 6 7 8 9 10 11 12 | 12.7
Armour         | 4 5 6 7 8 9 11 12 | 12.8
Throwing       | 1 |  1.1
Maces & Flails | 1 4 |  4.6
Dodging        | 4 6 8 |  8.1
Polearms       | 5 9 11 | 11.4

Action                   |  1- 3 |  4- 6 |  7- 9 | 10-12 | 13-15 || total
-------------------------+-------+-------+-------+-------+-------++-------
Melee: War axe           |   103 |    79 |   327 |    80 |       ||   589
       Headbutt          |    20 |    22 |    64 |   161 |    72 ||   339
       Morningstar       |       |       |       |   175 |       ||   175
       Demon trident     |       |       |       |   362 |   275 ||   637
Invok: Curse Item        |     2 |       |     1 |     1 |       ||     4
  Use: Scroll            |       |       |       |    19 |       ||    19
       Potion            |       |       |       |       |     4 ||     4
  Eat: Chunk             |     1 |     5 |     9 |    17 |     5 ||    37
       Ration            |       |       |     5 |     2 |     1 ||     8
Armor: Scale mail        |    52 |    43 |   155 |    41 |       ||   291
       Plate armour      |       |       |       |   239 |    83 ||   322
Dodge: Dodged            |    31 |    20 |    94 |   162 |    86 ||   393
Block: Shield            |    45 |    37 |   205 |   419 |   152 ||   858
